 Dungeon Crawl Stone Soup version 0.23-a0-677-g07611c5 (webtiles) character file.

89 Blackhawk the Skirmisher (level 4, 0/36 HPs)
             Began as a Demonspawn Fighter on Jan 9, 2019.
             Was an Initiate of Okawaru.
             Slain by a gnoll
             ... wielding a +0 spear
              (5 damage)
             ... on level 3 of the Dungeon.
             The game lasted 00:02:26 (2146 turns).

Blackhawk the Skirmisher (Demonspawn Fighter)       Turns: 2146, Time: 00:02:26

Health: 0/36       AC: 10    Str: 17    XL:     4   Next: 31%
Magic:  4/4        EV:  4    Int:  9    God:    Okawaru [......]
Gold:   111        SH:  9    Dex: 13    Spells: 3/3 levels left

rFire    . . .     SeeInvis .   a - +0 war axe
rCold    . . .     Gourm    .   c - +0 shield
rNeg     . . .     Faith    .   g - +0 chain mail
rPois    .         Spirit   .   q - +0 helmet
rElec    .         Reflect  .   (no cloak)
rCorr    .         Harm     .   (no gloves)
MR       .....                  (no boots)
Stlth    ..........             h - amulet of the acrobat
HPRegen  0.12/turn              (no ring)
MPRegen  0.09/turn              (no ring)

@: no status effects
A: powered by pain 2
a: Renounce Religion


You were on level 3 of the Dungeon.
You worshipped Okawaru.
Okawaru was noncommittal.
You were not hungry.

You visited 1 branch of the dungeon, and saw 3 of its levels.

You collected 111 gold pieces.

Inventory:

Hand Weapons
 a - a +0 war axe (weapon)
Armour
 b - a +0 scale mail
 c - a +0 shield (worn)
 g - a +0 chain mail (worn)
 q - a +0 helmet (worn)
Jewellery
 h - an amulet of the acrobat (around neck)
Scrolls
 j - 2 scrolls of identify {unknown}
 k - a scroll of enchant weapon {unknown}
 m - a scroll of teleportation {unknown}
 n - a scroll of blinking {unknown}
 o - a scroll of enchant armour {unknown}
 p - a scroll of remove curse
Potions
 d - a potion of might
 e - a potion of resistance {unknown}
 i - 2 potions of curing {unknown}
 l - 2 potions of agility {unknown}
Comestibles
 f - 5 rations


   Skills:
 + Level 3.6 Fighting
 + Level 2.5 Axes
 + Level 3.3 Armour
 + Level 3.2 Shields


You had 3 spell levels left.
You didn't know any spells.
Your spell library contained the following spells:

 Spells                   Type           Power        Failure   Level  Hunger
 Animate Skeleton         Necr           N/A          100%        1    ##.....
 Apportation              Tloc           #.....       100%        1    ##.....
 Confusing Touch          Hex            #.....       100%        1    ##.....
 Summon Small Mammal      Summ           #...         100%        1    ##.....


Dungeon Overview and Level Annotations

Branches:
Dungeon (3/15)

Altars:
Ashenzari
Fedhas
Okawaru
Xom


Innate Abilities, Weirdness & Mutations

You sometimes gain power by taking damage.


Message History

The gnoll hits you with a +0 spear.
* * * LOW HITPOINT WARNING * * *
The giant cockroach bites you but does no damage.
You barely miss the gnoll. You closely miss the giant cockroach.
The gnoll barely misses you. You block the giant cockroach's attack.
The gnoll hits you with a +0 spear.
* * * LOW HITPOINT WARNING * * *
You hit the gnoll.
The gnoll is heavily wounded.
You closely miss the giant cockroach.
The giant cockroach bites you but does no damage.
The gnoll hits you but does no damage.
The giant cockroach bites you but does no damage.
You hit the gnoll.
The gnoll is heavily wounded.
You hit the giant cockroach.
You kill the giant cockroach!
Okawaru accepts your kill. The gnoll hits you but does no damage.
The gnoll hits you with a +0 spear.
You die...

...........#....#
.#⌠.#.+##.⌠.....#
...##...####.#..##
........#....#...#
##..#...#..####..#
##..####.## #..#
#.......# #..#
######### ##># #@#
#g.# #.... .....#
.....# ......#
....... #.....!.#


You could see a gnoll.

Vanquished Creatures
  4 adders
  3 dart slugs
  A leopard gecko (D:3)
  A ball python (D:1)
  2 giant cockroaches
  5 goblins
  8 hobgoblins
  2 jackals (D:2)
  4 kobolds
  A quokka (D:2)
  7 bats
  2 frilled lizards (D:1)
  A giant cockroach zombie (D:3)
  4 rats
45 creatures vanquished.

Notes
Turn   | Place    | Note
-------+----------+-------------------------------------------
     0 | D:1      | Blackhawk the Demonspawn Fighter began the quest for the
                  | Orb.
     0 | D:1      | Reached XP level 1. HP: 18/18 MP: 1/1
   298 | D:1      | Gained mutation: You sometimes gain a little power by
                  | taking damage. [demonic ancestry]
   298 | D:1      | Reached XP level 2. HP: 24/24 MP: 2/2
   302 | D:1      | Found a shimmering altar of Xom.
   500 | D:2      | Gained mutation: You sometimes gain power by taking damage.
                  | [demonic ancestry]
   500 | D:2      | Reached XP level 3. HP: 8/29 MP: 3/3
  1370 | D:2      | Found a blossoming altar of Fedhas.
  1370 | D:2      | Found an iron altar of Okawaru.
  1389 | D:2      | Became a worshipper of Warmaster Okawaru
  1975 | D:3      | Reached XP level 4. HP: 34/35 MP: 4/4
  2074 | D:3      | Found a shattered altar of Ashenzari.
  2146 | D:3      | Slain by a gnoll

Vault maps used:
D:1:      zelgadis_glass_arrival_small, xom_teletrap_fun
D:2:      chequers_temple_overflow_statue_of_worship
D:3:      first_ration, evilmike_ruin_ashenzari

Skill      XL: |  1  2 |
---------------+-------+-----
Axes           | 2 |  2.5
Armour         | 3 |  3.3
Shields        | 3 |  3.2
Fighting       | |  3.6

Action                   |  1- 3 |  4- 6 || total
-------------------------+-------+-------++-------
Melee: War axe           |   130 |    46 ||   176
  Use: Scroll            |     1 |       ||     1
  Eat: Chunk             |     4 |       ||     4
Armor: Scale mail        |    56 |       ||    56
       Chain mail        |       |    26 ||    26
Dodge: Dodged            |    67 |    14 ||    81
Block: Shield            |    74 |    35 ||   109

Table legend:
 A = Non-vault XP
 B = Vault XP
 C = Vault XP percentage of total XP
 D = Non-vault monster count
 E = Vault monster count
 F = Vault count percentage of total count
                 A         B        C        D         E       F
            +---------+---------+-------+---------+---------+-------
      Total |     128 |       0 |   0.0 |      45 |       0 |   0.0
            +---------+---------+-------+---------+---------+-------
        D:1 |      23 |       0 |   0.0 |      12 |       0 |   0.0
        D:2 |      73 |       0 |   0.0 |      22 |       0 |   0.0
        D:3 |      32 |       0 |   0.0 |      11 |       0 |   0.0
            +---------+---------+-------+---------+---------+-------
